 Dungeon Crawl Stone Soup version 0.29-a0-338-g1ff7896281 (console) character file.

Game seed: 17436823914316044128

1319 jejorda2 the Carver (level 8, -4/96 HPs)
             Began as a Merfolk Berserker on Apr 17, 2022.
             Was a Believer of Trog.
             Killed from afar by an electric eel (13 damage)
             ... with a bolt of electricity
             ... on level 6 of the Dungeon.
             The game lasted 00:19:14 (6414 turns).

jejorda2 the Carver (Merfolk Berserker)             Turns: 6414, Time: 00:19:15

Health: -4/96      AC: 14    Str: 17    XL:     8   Next: 59%
Magic:  8/8        EV:  8    Int:  7    God:    Trog [**....]
Gold:   360        SH:  0    Dex: 15    Spells: 7/7 levels left

rFire   + . .      SeeInvis .   a - +1 rapier (speed)
rCold   . . .      Faith    .   (no shield)
rNeg    . . .      Spirit   .   w - +0 chain mail
rPois   .          Reflect  .   (no helmet)
rElec   .          Harm     .   y - +2 cloak
rCorr   .          Rampage  .   c - +1 pair of gloves
Will    .....                   (no boots)
Stlth   ..........              (no amulet)
HPRegen 0.26/turn               r - ring of protection from fire
MPRegen 0.11/turn               (no ring)

@: berserking, very quick
A: (nimble swimmer 2), mertail
a: Renounce Religion, Berserk, Trog's Hand


You were on level 6 of the Dungeon.
You worshipped Trog.
Trog was pleased with you.
You visited 2 branches of the dungeon, and saw 7 of its levels.
You also visited: Sewer and Ossuary.

You collected 390 gold pieces.
You spent 30 gold pieces at shops.

Inventory:

Hand Weapons
 a - a +1 rapier of speed (weapon)
 b - a +1 dagger
 d - a +0 falchion
Missiles
 e - 150 stones (quivered)
 j - 11 poisoned darts
Armour
 c - a +1 pair of gloves (worn)
 w - a +0 chain mail (worn)
 y - a +2 cloak (worn)
Jewellery
 r - a ring of protection from fire (left hand)
Wands
 l - a wand of paralysis (10)
Scrolls
 f - 4 scrolls of teleportation
 g - 3 scrolls of fog
 i - 2 scrolls of enchant weapon
 k - 2 scrolls of magic mapping
 v - a scroll of blinking
Potions
 h - 3 potions of resistance
 m - 2 potions of attraction {unknown}
 n - a potion of magic {unknown}
 o - a potion of haste
 p - 3 potions of flight
 q - 2 potions of curing
 u - a potion of mutation {unknown}
 x - 2 potions of heal wounds {unknown}


   Skills:
 - Level 6.0 Fighting
 * Level 3.1(6.6) Short Blades
 + Level 9.1(9.4) Long Blades
 + Level 4.0 Armour
 - Level 2.6 Dodging


You had 7 spell levels left.
You didn't know any spells.
Your spell library was empty.

Dungeon Overview and Level Annotations

Branches:
Dungeon (6/15)             Temple (1/1) D:5           Sewer (visited)
Ossuary (visited)

Altars:
Elyvilon
Nemelex Xobeh
Sif Muna
Vehumet
The Shining One

Shops:
D:6 *


Innate Abilities, Weirdness & Mutations

((You are very nimble when in or above water. (Stealth+, EV+, Speed+++)))
Your lower body shifts to a powerful aquatic tail in water.


Message History

There is an open door here.
There is an open door here.
There is an entrance to Duanieh's Assorted Antiques here.
Okay, then.
Okay, then.
v - 2 scrolls labelled VIMI MYRGHINU (gained 1) Thank you for shopping at Duanieh's Assorted Antiques!
Blink to where?
Press: ? - help, Dir - move target
As you read the scroll labelled VIMI MYRGHINU, it crumbles to dust.
It was a scroll of blinking.
There is an entrance to Duanieh's Assorted Antiques here.
Okay, then.
Okay, then.
Okay, then.
As you open the door, it creaks loudly!
An electric eel comes into view.
The electric eel shoots out a bolt of lightning at you!
The bolt of electricity misses you.
The electric eel shoots out a bolt of lightning at you!
The bolt of electricity hits you.
A scorpion comes into view.
The electric eel shoots out a bolt of lightning at you!
The bolt of electricity hits you! x2
The electric eel shoots out a bolt of lightning at you!
The bolt of electricity hits you. The bolt of electricity hits you!
The electric eel shoots out a bolt of lightning at you!
The bolt of electricity hits you! The bolt of electricity hits you.
* * * LOW HITPOINT WARNING * * *
A red film seems to cover your vision as you go berserk!
You feel yourself moving faster!
You feel mighty!
The electric eel shoots out a bolt of lightning at you!
The bolt of electricity hits you!
* * * LOW HITPOINT WARNING * * *
The bolt of electricity hits you!
* * * LOW HITPOINT WARNING * * *
You barely miss the electric eel.
The electric eel shoots out a bolt of lightning at you!
The bolt of electricity misses you. The bolt of electricity hits you!
You die...

*,,****,**,*,,,,,****,,,**,*,****
*,,,,,,,,,,..#.∩,*,,,,,,,,,,,,,,,
*,*****,**,#...,,,,*,,,,,,,,,****
*,* *,*,,#...*****.....#,,,,,,,
*,*****,**##.#.#***#.....#,,,,,,,
*,,,,,,≈≈.P≈≈PPP,,,......#,,,,,**
*,,,,≈≈,≈P≈P♣≈≈≈##*#.....*,*****,
*,≈,≈≈≈**≈♣≈≈≈≈S.# #....,*,*,,,*,
*≈,≈≈≈≈**≈≈PPPs.@###..#*,*,*,,,*,
,≈≈≈*≈*≈≈PP####...##..#*,,,***+**
,≈≈≈≈≈*≈≈≈,* #.#.....#*,,,,,*,,*
≈≈≈≈**≈≈≈≈,** #.#..#.##*,*,,,*,,+
≈≈≈≈≈≈*≈≈,,,* #.#..#.##*,#,******
,≈≈≈≈≈*≈≈,,,**#.#.....##.#,*,,,+,
,≈,,≈≈≈*≈≈≈,≈,..#.....'..#,*,,,*,
,,,,≈,,≈*≈≈≈≈≈≈.##....####,**+**,
,,,***≈P≈P≈♣≈≈...........#,+,,*,,


You could see a scorpion and an electric eel.

Vanquished Creatures
  Edmund (D:5)
  An ice beast (D:6)
  A sky beast (D:5)
  An elf zombie (Ossuary)
  3 scorpions (D:5)
  A necrophage (D:5)
  An elf skeleton (D:6)
  A human zombie (Ossuary)
  3 hounds
  2 jellies
  Crazy Yiuf (D:2)
  An orc priest (D:4)
  An iguana (D:3)
  2 human skeletons (D:6)
  2 orc wizards (D:4)
  A hell rat (Sewer)
  2 hound zombies (Ossuary)
  4 mummies (Ossuary)
  7 adders
  3 river rats (Sewer)
  2 worms
  2 dart slugs
  4 orcs
  7 ball pythons
  8 bats
  4 endoplasms
  3 giant cockroaches
  2 gnoll zombies (Ossuary)
  6 goblins
  9 hobgoblins
  A jackal (D:2)
  6 quokkas
  A goblin zombie (Ossuary)
  A hobgoblin zombie (Ossuary)
  6 kobolds
  3 kobold zombies (Ossuary)
  3 orc skeletons (D:6)
  15 rats
  A rat zombie (Ossuary)
123 creatures vanquished.

Notes
Turn   | Place    | Note
-------+----------+-------------------------------------------
     0 | D:1      | jejorda2 the Merfolk Berserker began the quest for the Orb.
     0 | D:1      | Reached XP level 1. HP: 18/18 MP: 1/1
   290 | D:1      | Reached skill level 4 in Long Blades
   290 | D:1      | Reached XP level 2. HP: 20/24 MP: 2/2
   341 | D:1      | Found a faded altar of an unknown god.
   553 | D:1      | Reached XP level 3. HP: 29/29 MP: 3/3
   911 | D:2      | Reached ** piety under Trog
  1148 | D:2      | Found a sparkling altar of Nemelex Xobeh.
  1476 | D:2      | Reached XP level 4. HP: 37/37 MP: 4/4
  1550 | D:2      | Found a runed translucent door.
  1551 | D:2      | Noticed Crazy Yiuf
  1560 | D:2      | Killed Crazy Yiuf
  1561 | D:2      | Reached skill level 5 in Long Blades
  2206 | D:3      | Reached XP level 5. HP: 41/42 MP: 5/5
  2941 | D:3      | Reached skill level 6 in Long Blades
  3115 | D:4      | Reached XP level 6. HP: 47/49 MP: 6/6
  4090 | D:4      | Found a shimmering blue altar of Sif Muna.
  4235 | D:5      | Entered Level 5 of the Dungeon
  4296 | D:5      | Found a glowing drain.
  4310 | Sewer    | Entered a sewer
  4429 | Sewer    | Reached skill level 7 in Long Blades
  4481 | Sewer    | Reached skill level 5 in Fighting
  4481 | Sewer    | Reached XP level 7. HP: 56/56 MP: 7/7
  4964 | D:5      | Found a staircase to the Ecumenical Temple.
  4973 | D:5      | Noticed Edmund
  4991 | D:5      | Killed Edmund
  5006 | Temple   | Entered the Ecumenical Temple
  5197 | D:5      | Reached skill level 8 in Long Blades
  5209 | D:5      | Reached XP level 8. HP: 50/64 MP: 8/8
  5717 | D:6      | Found Duanieh's Assorted Antiques.
  5745 | D:6      | Found a sand-covered staircase.
  5752 | Ossuary  | Entered an ossuary
  5776 | Ossuary  | Reached skill level 1 in Short Blades
  6064 | Ossuary  | Reached skill level 9 in Long Blades
  6393 | D:6      | Bought a scroll labelled VIMI MYRGHINU for 30 gold pieces
  6414 | D:6      | Killed from afar by an electric eel

Illustrated notes

Levels and vault maps discovered:
D:1:      lightli_arrival_boilingwater, layout_rooms,
          dreamdust_ecumenical_altar_statues
D:2:      layout_loops_ring, basic_altar, minmay_circle_x,
          uniq_crazy_yiuf_cottage
D:3:      layout_rooms, moated_statue, minmay_cut_off
D:4:      layout_loops_ring, led_sif_book, hangedman_decor_riveting
D:5:      layout_basic, minmay_temple_entry_crystal_x, portal_sewer_entry_f,
          nicolae_concentric_dashed_squares_mild, uniq_edmund
D:6:      corexii_shantytown, layout_basic, nicolae_ossuary_entry_catacombs,
          serial_shops, nicolae_shop_stone,
          nicolae_shop_temple_entry_statues_fountains, shop, shop, serial_bayou,
          serial_bayou_pond_c, serial_bayou_pond_b, serial_bayou_lagoon_a,
          serial_bayou_pond_e, nicolae_elevator_lobby_plus
Temple:   eino_wide_crystal_templ

Skill      XL: |  1  2  3  4  5  6  7  8 |
---------------+-------------------------+-----
Long Blades    | 4 5 6 7 8 9 |  9.1
Fighting       | 4 5 6 |  6.0
Armour         | 2 3 4 |  4.0
Short Blades   | 3 |  3.1
Dodging        | |  2.6

Action                   |  1- 3 |  4- 6 |  7- 9 || total
-------------------------+-------+-------+-------++-------
Melee: Falchion          |   101 |   223 |    63 ||   387
       Punch             |       |     1 |     5 ||     6
       Tailslap          |       |     1 |       ||     1
       Rapier            |       |       |   134 ||   134
Throw: Stone             |    25 |    43 |    26 ||    94
       Dart              |       |     5 |       ||     5
Invok: Berserk           |     1 |     6 |     5 ||    12
       Trog's Hand       |       |     2 |       ||     2
  Use: Scroll            |       |     7 |     9 ||    16
       Potion            |       |       |     1 ||     1
Armor: Ring mail         |    45 |    16 |       ||    61
       Scale mail        |       |    22 |       ||    22
       Chain mail        |       |    68 |   122 ||   190
Dodge: Dodged            |    57 |   104 |    93 ||   254

Table legend: (Time is in decaauts)
 A = Elapsed time spent in this place.
 B = Non-inter-level travel time spent in this place.
 C = Inter-level travel time spent in this place.
 D = Time resting spent in this place.
 E = Time spent auto-exploring this place.
 F = Levels seen in this place.
 G = Mean time per level.
                   A        B        C        D        E       F      G
               +--------+--------+--------+--------+--------+-----+--------+
         Total |   6422 |   6118 |    304 |    725 |   4175 |   9 |  713.6 |
       Dungeon |   5717 |   5417 |    300 |    477 |   3915 |   6 |  952.8 |
        Temple |     14 |     10 |      4 |      7 |      1 |   1 |   14.0 |
         Sewer |    261 |    261 |      0 |     43 |    136 |   1 |  261.0 |
       Ossuary |    428 |    428 |      0 |    196 |    122 |   1 |  428.0 |
               +--------+--------+--------+--------+--------+-----+--------+

Top non-repeatable levels by time:
     D:2: 1364 daAuts
     D:4: 1243 daAuts
     D:5: 1123 daAuts
     D:3: 936 daAuts
     D:1: 813 daAuts
 Ossuary: 428 daAuts
   Sewer: 261 daAuts
     D:6: 235 daAuts
  Temple: 14 daAuts
